 Dungeon Crawl Stone Soup version 0.29-a0-1014-ga8c0faee3b (webtiles) character file.

Game seed: 6718372490921932432

1376 Drevant2 the Slasher (level 8, -2/96 HPs)
             Began as a Demonspawn Gladiator on Aug 9, 2022.
             Was a Priest of Wu Jian.
             Slain by an orc warrior
             ... wielding a +0 long sword
              (7 damage)
             ... on level 7 of the Dungeon.
             The game lasted 00:17:46 (7586 turns).

Drevant2 the Slasher (Demonspawn Gladiator)         Turns: 7586, Time: 00:17:46

Health: -2/96      AC: 11    Str: 15    XL:     8   Next: 39%
Magic:  8/8        EV: 10    Int:  9    God:    Wu Jian [***...]
Gold:   338        SH:  0    Dex: 17    Spells: 7/7 levels left

rFire   . . .      SeeInvis .   D - +2 dagger (venom)
rCold   + . .      Faith    .   (no shield)
rNeg    . . .      Spirit   .   w - +0 scale mail
rPois   .          Reflect  .   c - +0 helmet
rElec   .          Harm     .   (no cloak)
rCorr   .          Rampage  .   (no gloves)
Will    .....                   (no boots)
Stlth   ..........              (no amulet)
HPRegen 0.26/turn               q - ring of protection from cold
MPRegen 0.11/turn               (no ring)

@: berserking, lethally poisoned (-2 -> -4), very quick
A: hooves 2, thin metallic scales 2
a: Renounce Religion, Wall Jump, Serpent's Lash


You were on level 7 of the Dungeon.
You worshipped Wu Jian.
Wu Jian was most pleased with you.
You visited 1 branch of the dungeon, and saw 7 of its levels.

You collected 338 gold pieces.

Inventory:

Hand Weapons
 a - a +0 long sword
 p - a +1 dagger of venom
 D - a +2 dagger of venom (weapon)
Missiles
 B - 6 javelins (quivered)
Armour
 b - a +0 leather armour
 c - a +0 helmet (worn)
 w - a +0 scale mail (worn)
Jewellery
 d - a +4 ring of evasion
 q - a ring of protection from cold (left hand)
Wands
 t - a wand of roots (10)
 y - a wand of mindburst (15)
 C - a wand of acid (7)
Scrolls
 g - 5 scrolls of teleportation
 j - 7 scrolls of identify {unknown}
 k - a scroll of torment {unknown}
 m - 2 scrolls of blinking {unknown}
 n - 2 scrolls of silence {unknown}
 o - a scroll of brand weapon {unknown}
 v - 4 scrolls of butterflies {unknown}
Potions
 e - a potion of might {unknown}
 f - a potion of heal wounds {unknown}
 h - a potion of resistance
 i - a potion of lignification {unknown}
 r - a potion of invisibility {unknown}
 s - a potion of degeneration {unknown}
 u - 2 potions of mutation {unknown}
 x - a potion of magic {unknown}
 z - a potion of cancellation {unknown}
 A - a potion of curing {unknown}


   Skills:
 - Level 6.2 Fighting
 - Level 2.3(4.6) Short Blades
 * Level 6.3(6.5) Long Blades
 - Level 1.7 Throwing
 - Level 4.2 Armour
 - Level 2.6 Dodging


You had 7 spell levels left.
You didn't know any spells.
Your spell library contained the following spells:

 Spells                   Type           Power      Damage    Failure   Level
 Stone Arrow              Conj/Erth      0%         3d7       99%         3
 Animate Armour           Summ/Erth      0%         N/A       100%        4
 Animate Dead             Necr           0%         N/A       100%        4
 Hailstorm                Conj/Ice       0%         3d3       100%        4
 Ice Form                 Ice/Tmut       0%         N/A       100%        4
 Simulacrum               Ice/Necr       0%         N/A       100%        6
 Haunt                    Necr/Summ      0%         N/A       100%        7
 Infestation              Necr           0%         N/A       100%        8
 Lehudib's Crystal Spear  Conj/Erth      0%         10d2      100%        8


Dungeon Overview and Level Annotations

Branches:
Dungeon (7/15)             Temple (0/1) D:6

Altars:
Cheibriados
Dithmenos
Fedhas
Gozag
Kikubaaqudgha
Nemelex Xobeh
Ru
Sif Muna
Uskayaw
Vehumet
Wu Jian

Annotations:
D:6 Sigmund


Innate Abilities, Weirdness & Mutations

You have hoof-like feet.
You are mostly covered in thin metallic scales. (AC +3)


Message History

The orc warrior goes berserk!
You hit the water moccasin but do no damage.
Your kick misses the water moccasin.
The water moccasin is heavily wounded.
You feel sick. The water moccasin bites you.
You are more poisoned.
The water moccasin poisons you!
You hear a shout!
Unknown command.
Unknown command.
You feel very sick.
You feel sick. The water moccasin closely misses you.
You feel sick.
The orc warrior attacks as you move away!
The orc warrior hits you with a +0 long sword!
* * * LOW HITPOINT WARNING * * *
You feel sick.
The orc warrior hits you with a +0 long sword!
* * * LOW HITPOINT WARNING * * *
A red film seems to cover your vision as you go berserk!
You feel yourself moving faster!
You feel mighty!
You feel sick. The orc warrior completely misses you.
You hit the orc warrior.
The orc warrior is poisoned.
You kick the orc warrior, but do no damage.
The orc warrior is lightly wounded.
You feel sick.
The orc warrior hits you with a +0 long sword!!
* * * LOW HITPOINT WARNING * * *
You hit the orc warrior but do no damage.
Your kick misses the orc warrior.
The orc warrior is lightly wounded.
The orc warrior barely misses you.
You hit the orc warrior but do no damage.
You kick the orc warrior!
The orc warrior is moderately wounded.
You feel sick.
You miss the orc warrior.
The orc warrior is heavily wounded.
The orc warrior hits you with a +0 long sword!
You die...

~~♣# ..##......## ~~P#
8##......# ~♣## #....#.#
P.# ##########...##.# #.#
#............##.# #.#
#..........#.##.. ..###
#.#S...)..##.####
#...#+#######..o###.####.#
#.#.'_+.........@...# #.#
#.###'#.######..###.# #.#
#.# #...# ##.# #.# #.# #.#
##### #.# #.# .# #.# #.#
#.# #.# #.# #.# #.# #.#
#.# #.# #.# #.# #.# #.#
#..


You could see an orc warrior (berserk, very poisoned) and a water moccasin
(poisoned).

Vanquished Creatures
  Edmund (D:6)
  A black bear (D:6)
  A sky beast (D:7)
  2 ogres
  2 phantoms
  A kobold brigand (D:6)
  Blork the orc (D:4)
  A necrophage (D:5)
  A scorpion (D:5)
  3 electric eels (D:7)
  2 hounds
  An orc priest (D:5)
  Ijyb (D:3)
  2 iguanas
  An orc wizard (D:3)
  7 adders
  2 shadow imps (D:5)
  An ufetubus (D:5)
  3 worms
  22 orcs
  6 endoplasms
  2 giant cockroaches
  7 goblins
  4 hobgoblins
  6 jackals
  12 kobolds
  6 quokkas
  7 ball pythons
  6 bats
  4 frilled lizards
  5 rats
121 creatures vanquished.

Vanquished Creatures (others)
  A plant (D:7)
1 creature vanquished.

Grand Total: 122 creatures vanquished

Notes
Turn   | Place    | Note
-------+----------+-------------------------------------------
     0 | D:1      | Drevant2 the Demonspawn Gladiator began the quest for the
                  | Orb.
     0 | D:1      | Reached XP level 1. HP: 16/16 MP: 1/1
    21 | D:1      | You fall into a shaft and drop 1 floor!
   207 | D:1      | Gained mutation: You have large cloven feet. [demonic
                  | ancestry]
   207 | D:1      | Reached XP level 2. HP: 21/22 MP: 2/2
   413 | D:1      | Found a faded altar of an unknown god.
   447 | D:1      | Prayed at the altar of an unknown god.
   447 | D:1      | Became a worshipper of the Wu Jian Council
   447 | D:1      | Reached * piety under Wu Jian
   703 | D:1      | Reached XP level 3. HP: 26/27 MP: 3/3
  1939 | D:3      | Found an ornate altar of the Wu Jian Council.
  1964 | D:3      | Reached XP level 4. HP: 34/34 MP: 4/4
  2020 | D:3      | Reached ** piety under Wu Jian
  2125 | D:3      | Found a shadowy altar of Dithmenos.
  2530 | D:3      | Noticed Ijyb
  2541 | D:3      | Killed Ijyb
  2747 | D:4      | Reached XP level 5. HP: 29/42 MP: 5/5
  2890 | D:4      | Noticed Blork the orc
  2898 | D:5      | Entered Level 5 of the Dungeon
  3325 | D:5      | Found a blossoming altar of Fedhas.
  3357 | D:5      | Reached skill level 5 in Fighting
  3597 | D:5      | Gained mutation: You are partially covered in thin metallic
                  | scales. (AC +2) [demonic ancestry]
  3597 | D:5      | Reached XP level 6. HP: 38/51 MP: 6/6
  3721 | D:5      | Found an ancient bone altar of Kikubaaqudgha.
  3876 | D:5      | Found a sparkling altar of Nemelex Xobeh.
  4797 | D:4      | Reached skill level 1 in Armour
  5100 | D:4      | Gained mutation: You have hoof-like feet. [demonic
                  | ancestry]
  5100 | D:4      | Reached XP level 7. HP: 58/58 MP: 7/7
  5114 | D:4      | Killed Blork the orc
  5576 | D:6      | Found a snail-covered altar of Cheibriados.
  5818 | D:6      | Reached skill level 1 in Short Blades
  5876 | D:6      | Found a radiant altar of Vehumet.
  5982 | D:6      | Found a staircase to the Ecumenical Temple.
  6024 | D:6      | Found a hide-covered altar of Uskayaw.
  6090 | D:6      | Reached *** piety under Wu Jian
  6187 | D:6      | Gained mutation: You are mostly covered in thin metallic
                  | scales. (AC +3) [demonic ancestry]
  6187 | D:6      | Reached XP level 8. HP: 52/64 MP: 8/8
  6269 | D:6      | Noticed Edmund
  6290 | D:6      | Killed Edmund
  6291 | D:6      | Reached skill level 5 in Long Blades
  6445 | D:6      | Noticed Sigmund
  6662 | D:7      | Found a sacrificial altar of Ru.
  7517 | D:7      | Found an opulent altar of Gozag.
  7550 | D:7      | Found a shimmering blue altar of Sif Muna.
  7559 | D:7      | Identified the +2 leather armour of the Gravedigger {Harm
                  | Regen+ Str+4 Stlth+}
  7586 | D:7      | Slain by an orc warrior

Illustrated notes

Levels and vault maps discovered:
D:1:      giann_wishing_wells, layout_loops_ring, ebering_ecumenical_altar_webs,
          serial_bayou_pond_e
D:2:      layout_rooms, hangedman_decor_clover_reticule, minmay_split_cup_large
D:3:      layout_loops_ring, mainiacjoe_overflow_concentric_impassable,
          grunt_dithmenos_smoke, uniq_ijyb
D:4:      layout_rooms, uniq_blork_the_orc
D:5:      layout_loops_ring, fedhas_altar_fruit_tree,
          nicolae_kikubaaqudgha_miasma_corner,
          mainiacjoe_overflow_small_starburst, lemuel_coloured_pillars_altar,
          kennysheep_opposing_triangles
D:6:      layout_rooms, cheibriados_altar_1, vehumet_crystals,
          lightli_temple_of_fire, nicolae_uskayaw_dance_studio,
          minmay_temple_entry_nine_rooms, sigmund_edmund_badplayer
D:7:      layout_basic, regret_index_temple_of_mockery,
          mainiacjoe_overflow_alcove_1, nicolae_overflow_hidden_temple,
          kennysheep_mini, yredelemnul_altar_generic, serial_bayou_lagoon_b

Skill      XL: |  1  2  3  4  5  6  7  8 |
---------------+-------------------------+-----
Long Blades    | 3 4 6 |  6.3
Fighting       | 3 5 6 |  6.2
Armour         | 1 4 |  4.2
Short Blades   | 2 |  2.3
Throwing       | |  1.7
Dodging        | |  2.6

Action                   |  1- 3 |  4- 6 |  7- 9 || total
-------------------------+-------+-------+-------++-------
Melee: Long sword        |    85 |       |       ||    85
       Kick              |    13 |    56 |    49 ||   118
       Punch             |     2 |     1 |     5 ||     8
       Dagger            |    10 |   194 |   153 ||   357
Throw: Throwing net      |     1 |     3 |     3 ||     7
       Javelin           |       |     1 |     1 ||     2
Invok: Lunge             |     3 |    12 |    13 ||    28
       Whirlwind         |     1 |     1 |       ||     2
  Use: Scroll            |     1 |       |       ||     1
       Potion            |       |     1 |     2 ||     3
 Stab: Sleeping          |     1 |       |       ||     1
       Held in net/web   |     1 |       |     1 ||     2
Armor: Leather armour    |    32 |     8 |       ||    40
       Scale mail        |       |    41 |    45 ||    86
Dodge: Dodged            |    57 |    72 |    45 ||   174

Table legend: (Time is in decaauts)
 A = Elapsed time spent in this place.
 B = Non-inter-level travel time spent in this place.
 C = Inter-level travel time spent in this place.
 D = Time resting spent in this place.
 E = Time spent auto-exploring this place.
 F = Levels seen in this place.
 G = Mean time per level.
                   A        B        C        D        E       F      G
               +--------+--------+--------+--------+--------+-----+--------+
         Total |   7585 |   6451 |   1134 |   2318 |   2980 |   7 | 1083.6 |
       Dungeon |   7585 |   6451 |   1134 |   2318 |   2980 |   7 | 1083.6 |
               +--------+--------+--------+--------+--------+-----+--------+

Top non-repeatable levels by time:
     D:5: 1945 daAuts
     D:1: 1195 daAuts
     D:4: 1000 daAuts
     D:7: 991 daAuts
     D:3: 984 daAuts
     D:6: 903 daAuts
     D:2: 566 daAuts
